 Seeded DCSS version 0.30-a0-1035-g38d5fb2972 (webtiles) character file.

Game seed: 7547814903460644772 (custom seed)

1024 DeathPants the Fighter (level 8, -2/74 HPs)
             Began as a Ghoul Venom Mage on Apr 8, 2023.
             Was an Initiate of Kikubaaqudgha.
             Slain by an ogre
             ... wielding a +0 giant club
              (15 damage)
             ... on level 5 of the Dungeon.
             The game lasted 00:14:12 (4835 turns).

DeathPants the Fighter (Ghoul Venom Mage)           Turns: 4835, Time: 00:14:13

Health: -2/74      AC:  5    Str: 12    XL:     8   Next: 22%
Magic:  12/17      EV: 12    Int: 12    God:    Kikubaaqudgha [......]
Gold:   297        SH:  0    Dex:  9    Spells: 11/21 levels left

rFire   . . .      SeeInvis .    b - +2 flail (drain)
rCold   + . .      Faith    .    (no shield)
rNeg    + + +      Spirit   .    g - +0 robe
rPois   ∞          Reflect  .    (no helmet)
rElec   .          Rampage  .    w - +2 cloak
rCorr   .                        (no gloves)
Will    .....                    (no boots)
Stlth   ++                       (no amulet)
HPRegen 0.00/turn                (no ring)
MPRegen 0.15/turn                (no ring)

@: inhibited regen
A: claws 1, cold resistance 1, negative energy resistance 3, inhibited
regeneration, torment resistance 2, devour on kill
a: Renounce Religion


You were on level 5 of the Dungeon.
You worshipped Kikubaaqudgha.
Kikubaaqudgha was noncommittal.
You visited 1 branch of the dungeon, and saw 6 of its levels.

You collected 297 gold pieces.

Inventory:

Hand Weapons
 a - a +5 dagger
 b - a +2 flail of draining (weapon)
 e - a +0 rapier
 o - a +4 dagger of venom
 v - a +4 quarterstaff of chaos
Missiles
 f - 2 throwing nets
 r - 14 poisoned darts
 x - 2 boomerangs
Armour
 g - a +0 robe (worn)
 w - a +2 cloak (worn)
Wands
 l - a wand of flame (11)
Scrolls
 c - a scroll of blinking {unknown}
 h - a scroll of noise {unknown}
 k - a scroll of enchant weapon
Potions
 d - a potion of cancellation
 i - a potion of might
 j - 3 potions of haste {unknown}
 m - a potion of degeneration {unknown}
 n - a potion of brilliance {unknown}
 p - a potion of curing {unknown}
 q - a potion of flight {unknown}
 t - 2 potions of attraction {unknown}
 u - a potion of resistance {unknown}
 z - a potion of magic
 A - a potion of heal wounds
 B - a potion of mutation {unknown}


   Skills:
 - Level 8.1 Fighting
 - Level 4.0 Dodging
 - Level 2.1 Stealth
 - Level 7.1 Spellcasting
 - Level 4.5 Conjurations
 + Level 0.2 Necromancy
 - Level 0.8 Transmutations
 - Level 4.5 Air Magic
 - Level 7.1 Poison Magic


You had 11 spell levels left.
You knew the following spells:

 Your Spells              Type           Power      Damage    Failure   Level
a - Sting                 Tmut/Pois      52%        1d5       3%          1
b - Poisonous Vapours     Pois/Air       36%        N/A       2%          2
c - Mephitic Cloud        Conj/Pois/Air  17%        N/A       5%          3
d - Olgreb's Toxic Radia  Pois           21%        N/A       9%          4

Your spell library contained the following spells:

 Spells                   Type           Power      Damage    Failure   Level
 Blink                    Tloc           8%         N/A       24%         2
 Lesser Beckoning         Tloc           8%         N/A       24%         2
 Gell's Gravitas          Tloc           4%         N/A       43%         3
 Inner Flame              Hex/Fire       4%         N/A       43%         3
 Teleport Other           Tloc           4%         N/A       43%         3
 Freezing Cloud           Conj/Ice/Air   5%         6-21      78%         5
 Manifold Assault         Tloc           4%         N/A       85%         4
 Yara's Violent Unravell  Hex/Tmut       2%         3d3       98%         5
 Enfeeble                 Hex            2%         N/A       100%        7
 Storm Form               Tmut/Air       Unusable   N/A       N/A         7

Dungeon Overview and Level Annotations

Branches:
Dungeon (6/15)
 Temple: D:4-7

Altars:
Ashenzari
Fedhas
Gozag
Kikubaaqudgha
Makhleb
Nemelex Xobeh
Ru
Wu Jian
Yredelemnul


Innate Abilities, Weirdness & Mutations

You are immune to poison.
You have sharp fingernails.
Your flesh is cold resistant. (rC+)
You are immune to negative energy. (rN+++)
You do not regenerate when monsters are visible.
You are immune to unholy pain and torment.
You thrive by killing the living.


Message History

j - 3 lumpy sapphire potions (gained 2)
You open the door.
Found a sacrificial altar of Ru and a white marble altar of Elyvilon.
Found an opulent altar of Gozag.
There is a stone staircase leading down here.
You climb downwards.
The white imp shouts, "Scamper hence, thou venomed moldwarp scavenger!"
The ogre shouts!
Found a scroll of teleportation.
There is a stone staircase leading up here.
Aiming: Poisonous Vapours (safe; 2% risk of failure)
Press: ? - help, Q - select action, (/) - cycle Dir - move target, f - ogre
Aim: an ogre, wielding a +0 giant club Poisonous vapours surround the ogre!
The ogre is poisoned.
A sleepcap comes into view.
The white imp gestures at you. The puff of frost hits you. You resist.
Your +4 dagger of venom stops dripping with poison.
a - a +5 dagger (weapon)
You sense an unholy aura.
b - a +2 flail of draining (weapon)
The ogre hits you with a +0 giant club!!
You hear a shout!
You climb upwards.
There is a stone staircase leading down here.
Aiming: Poisonous Vapours (safe; 2% risk of failure)
Press: ? - help, Q - select action, (/) - cycle Dir - move target, f - ogre
Aim: an ogre, wielding a +0 giant club (very poisoned) Poisonous vapours surround the ogre!
The ogre looks even sicker.
Aiming: Poisonous Vapours (safe; 2% risk of failure)
Press: ? - help, Q - select action, (/) - cycle Dir - move target, f/p - ogre
Aim: an ogre, wielding a +0 giant club (lightly wounded, very poisoned) Poisonous vapours surround the ogre!
The ogre looks as sick as possible!
The ogre hits you with a +0 giant club!!
* * * LOW HITPOINT WARNING * * *
You thump the ogre!
The ogre is severely wounded.
The ogre hits you with a +0 giant club!
You die...
Kikubaaqudgha rasps: "You have failed me!
Welcome... oblivion!"

#..+ #.# .
#.# _ #.# ###
# #.# ._#_..
#.##..#..###
#..'# +.#
##...#####..#
#@O.........#
##.......#.##
##......# #
##...#.#.#
##.##.#.###.#
#.[........#
####.#.#####
#....#.#
#.####.#


You could see an ogre (extremely poisoned).

Vanquished Creatures
  Edmund (D:5)
  3 ogres (D:4)
  A gnoll sergeant (D:5)
  Crazy Yiuf (D:3)
  A hound (D:4)
  Jessica (D:2)
  Natasha (twice) (D:3)
  An orc wizard (D:4)
  6 adders
  3 gnolls (D:5)
  A river rat (D:4)
  7 worms
  A dart slug (D:3)
  6 orcs
  4 ball pythons
  4 bats
  4 endoplasms
  A giant cockroach (D:3)
  9 goblins
  10 hobgoblins
  7 jackals
  3 quokkas
  3 frilled lizards
  6 kobolds
  2 rats (D:1)
88 creatures vanquished.

Vanquished Creatures (others)
  5 toadstools (D:3)
5 creatures vanquished.

Grand Total: 93 creatures vanquished

Notes
Turn   | Place    | Note
-------+----------+-------------------------------------------
     0 | D:1      | DeathPants the Ghoul Venom Mage began the quest for the
                  | Orb.
     0 | D:1      | Reached XP level 1. HP: 14/14 MP: 2/2
   250 | D:1      | Reached XP level 2. HP: 15/20 MP: 0/4
   395 | D:1      | Learned a level 2 spell: Poisonous Vapours
   570 | D:1      | Found a faded altar of an unknown god.
   832 | D:2      | Reached XP level 3. HP: 26/26 MP: 3/5
   947 | D:2      | Noticed Jessica
   957 | D:2      | Killed Jessica
   958 | D:2      | Reached XP level 4. HP: 22/33 MP: 2/7
  1012 | D:2      | Learned a level 3 spell: Mephitic Cloud
  1237 | D:2      | Reached skill level 5 in Spellcasting
  1237 | D:2      | Reached XP level 5. HP: 38/38 MP: 8/12
  1243 | D:2      | Learned a level 4 spell: Olgreb's Toxic Radiance
  1394 | D:2      | Reached skill level 8 in Fighting
  1394 | D:2      | Reached XP level 6. HP: 61/61 MP: 13/15
  2143 | D:3      | Found an ornate altar of the Wu Jian Council.
  2265 | D:3      | Noticed Natasha
  2271 | D:3      | Killed Natasha
  2553 | D:3      | Found a broken altar of Ashenzari.
  2665 | D:3      | Noticed Natasha
  2671 | D:3      | Killed Natasha
  2899 | D:3      | Found a runed translucent door.
  2900 | D:3      | Noticed Crazy Yiuf
  2911 | D:3      | Killed Crazy Yiuf
  2912 | D:3      | Reached XP level 7. HP: 31/68 MP: 10/16
  3271 | D:4      | Found a burning altar of Makhleb.
  3273 | D:4      | Noticed a balrug
  3273 | D:4      | Noticed an angel
  3944 | D:5      | Entered Level 5 of the Dungeon
  3962 | D:4      | Found a basalt altar of Yredelemnul.
  4146 | D:4      | Found a sparkling altar of Nemelex Xobeh.
  4496 | D:5      | Found an ancient bone altar of Kikubaaqudgha.
  4497 | D:5      | Found a blossoming altar of Fedhas.
  4506 | D:5      | Became a worshipper of Kikubaaqudgha
  4536 | D:5      | Reached XP level 8. HP: 65/74 MP: 5/17
  4696 | D:5      | Noticed Edmund
  4713 | D:5      | Killed Edmund
  4821 | D:5      | Found a sacrificial altar of Ru.
  4823 | D:5      | Found an opulent altar of Gozag.
  4835 | D:5      | Slain by an ogre

Illustrated notes

Levels and vault maps discovered:
D:1:      lordsloth_arrival_two_stooges, layout_basic,
          chequers_ecumenical_altar_simple
D:2:      layout_loops_ring, uniq_jessica
D:3:      layout_loops_cross, ashenzari_conservatory_becter,
          nzn_wu_jian_council_hall, chequers_serial_rivers_room_a,
          grunt_decor_cap, hangedman_abyss_or_decor_lesser_grid,
          hangedman_decor_peaks_small, minmay_gold_behind_fungi, uniq_natasha,
          uniq_crazy_yiuf_cottage
D:4:      layout_loops_ring, grunt_temple_overflow_order_and_chaos_2,
          yredelemnul_altar_generic, nemelex_dance_club_becter,
          gup_sewer_entry_bubbles
D:5:      layout_loops_ring, grunt_temple_overflow_growth_and_decay,
          nicolae_overflow_quartered_altars, doesnt_shop_hydraphobe,
          uniq_edmund, uniq_duvessa, uniq_eustachio
D:6:      cheibrodos_two_vegetables, layout_basic,
          mainiacjoe_overflow_surrounded_room, mainiacjoe_overflow_tiny_flanked,
          minmay_temple_entry_arrows, serial_shops, nicolae_shop_crystal,
          chequers_avenue, nicolae_elevator_lobby_plus

Skill      XL: |  1  2  3  4  5  6  7  8 |
---------------+-------------------------+-----
Spellcasting   | 2 5 7 |  7.1
Poison Magic   | 4 7 |  7.1
Conjurations   | 4 |  4.5
Air Magic      | 4 |  4.5
Fighting       | 8 |  8.1
Dodging        | 2 3 4 |  4.0
Stealth        | |  2.1
Necromancy     | |  0.2
Transmutations | |  0.8

Action                     |  1- 3 |  4- 6 |  7- 9 || total
---------------------------+-------+-------+-------++-------
  Melee: Rapier            |    31 |       |       ||    31
         Unarmed           |     6 |       |       ||     6
         Dagger            |    27 |    79 |   109 ||   215
         Punch             |     1 |     1 |     1 ||     3
         Flail             |       |       |     1 ||     1
   Cast: Sting             |    14 |     4 |       ||    18
         Poisonous Vapours |       |    25 |    38 ||    63
         Olgreb's Toxic Ra |       |       |     8 ||     8
    Use: Potion            |       |     2 |     1 ||     3
         Scroll            |       |     1 |    10 ||    11
   Stab: Sleeping          |     3 |     2 |       ||     5
 Armour: Robe              |    15 |     4 |    20 ||    39
  Dodge: Dodged            |    52 |    41 |    58 ||   151

Table legend: (Time is in decaauts)
 A = Elapsed time spent in this place.
 B = Non-inter-level travel time spent in this place.
 C = Inter-level travel time spent in this place.
 D = Time resting spent in this place.
 E = Time spent auto-exploring this place.
 F = Levels seen in this place.
 G = Mean time per level.
                   A        B        C        D        E       F      G
               +--------+--------+--------+--------+--------+-----+--------+
         Total |   4870 |   4661 |    209 |    255 |   3358 |   6 |  811.7 |
       Dungeon |   4870 |   4661 |    209 |    255 |   3358 |   6 |  811.7 |
               +--------+--------+--------+--------+--------+-----+--------+

Top non-repeatable levels by time:
     D:4: 1407 daAuts
     D:3: 1209 daAuts
     D:2: 1098 daAuts
     D:1: 799 daAuts
     D:5: 351 daAuts
     D:6: 3 daAuts
